 Dungeon Crawl Stone Soup version 0.19.1-1-g22dce08 (webtiles) character file.

12780 theAP the Fighter (level 11, 0/83 HPs)
             Began as a Gargoyle Fighter on Jan 3, 2017.
             Was a Believer of Ashenzari.
             Slain by an orc knight
             ... wielding a +0 glaive
              (12 damage)
             ... in a bailey.
             The game lasted 00:26:46 (8183 turns).

theAP the Fighter (Gargoyle Fighter)                Turns: 8183, Time: 00:26:51

Health: 0/83       AC: 24    Str: 27    XL:     11   Next: 98%
Magic:  11/11      EV:  7    Int:  8    God:    Ashenzari [**....]
Gold:   555        SH: 11    Dex: 11    Spells: 0 memorised, 10 levels left

rFire  . . .     SeeInvis .     k - +2 whip (elec) (curse)
rCold  + + +     Gourm    .     h - +0 plate armour (curse)
rNeg   + . .     Faith    .     c - +0 shield
rPois  ∞         Spirit   .     (no helmet)
rElec  +         Reflect  .     l - +1 cloak
rCorr  .         Harm     .     (no gloves)
MR     .....                    (no boots)
Stlth  ..........               (no amulet)
                                (no ring)
                                (no ring)

@: mighty
A: icy blue scales 1, thin skeletal structure 1, blink, blurry vision 1, cold
resistance 3, negative energy resistance 1, robust 1, electricity resistance,
weak 1, unbreathing, petrification resistance, rot immunity, AC +7
a: Blink, Curse Item, Scrying, Renounce Religion


You were in a bailey.
You worshipped Ashenzari.
Ashenzari was pleased with you.
You were not hungry.

You visited 2 branches of the dungeon, and saw 11 of its levels.
You also visited: Bailey.

You collected 555 gold pieces.

Inventory:

Hand Weapons
 a - a +0 flail
 k - a cursed +2 whip of electrocution (weapon)
Armour
 b - a +0 scale mail
 c - a +0 shield (worn)
 e - a +0 cloak
 h - a cursed +0 plate armour (worn)
 l - a +1 cloak (worn)
Jewellery
 x - an uncursed amulet of inaccuracy
 E - an uncursed ring of protection from magic
Wands
 v - a wand of acid (12/15)
Scrolls
 i - a scroll of magic mapping
 p - 2 scrolls of identify
 q - 2 scrolls of teleportation
 r - a scroll of fear
 w - 3 scrolls of recharging
 y - a scroll of fog
Potions
 d - 2 potions of might
 j - 4 potions of curing
 m - 5 potions of heal wounds
 o - a potion of haste
 s - 3 potions of agility
 t - a potion of brilliance
 u - a potion of flight
 z - a potion of berserk rage
 A - a potion of resistance
 C - 2 potions of lignification
 D - 2 potions of invisibility
Books
 F - a book of Necromancy

   Spells                             Type                      Level
   a - Pain                           Necromancy                   1
   b - Animate Skeleton               Necromancy                   1
   c - Vampiric Draining              Necromancy                   3
   d - Regeneration                   Charms/Necromancy            3
   e - Animate Dead                   Necromancy                   4
   f - Control Undead                 Necromancy                   4
Comestibles
 f - 13 bread rations
 g - 10 fruits
 n - 4 meat rations
 B - 7 beef jerkies


   Skills:
 + Level 12.5 Fighting
 + Level 11.6(13.6) Maces & Flails
 - Level 5.9 Armour
 - Level 5.1 Dodging
 - Level 5.9 Shields


You had 10 spell levels left.
You didn't know any spells.

Dungeon Overview and Level Annotations

Branches:
Dungeon (10/15)            Temple (1/1) D:5             Orc (0/2) D:9
   Lair: D:8-11

Altars:
Ashenzari
Cheibriados
Dithmenos
Elyvilon
Fedhas
Gozag
Hepliaklqana
Kikubaaqudgha
Makhleb
Nemelex Xobeh
Okawaru
Qazlal
Ru
Sif Muna
Trog
Uskayaw
Vehumet
Xom
Yredelemnul
Zin
The Shining One

Shops:
D:4 =

Annotations:
D:6 exclusion: oklob plant


Innate Abilities, Weirdness & Mutations

You are resistant to torment.
Your stone body is resilient. (AC +7)
You are immune to poison.
You resist negative energy. (rN+)
You are resistant to electric shocks. (rElec)
You can survive without breathing.
You are immune to petrification.
You are immune to rotting.
You are partially covered in icy blue scales. (AC +2)
You have a somewhat thin skeletal structure. (Dex +2, Stealth)
You can translocate small distances at will.
Scrolls take you a little longer to read.
Your flesh is almost immune to the effects of cold. (rC+++)
You are robust. (+10% HP)
You are weak. (Str -2)


Message History

The orc closely misses you.
The orc warrior hits you but does no damage.
You block the orc warrior's attack. The orc closely misses you.
You block the orc's attack.
You thrash the orc knight!!
There is a sudden explosion of sparks!
The orc knight is almost dead.
The orc knight hits you with a glaive! The orc hits you but does no damage.
The orc warrior hits you with a halberd!
Your shield prevents you from hitting the orc knight.
The orc knight is almost dead.
The orc hits you but does no damage. You block the orc warrior's attack.
The orc hits you but does no damage.
You whack the orc knight!
The orc knight is almost dead.
The orc warrior hits you from afar with a glaive!
* * * LOW HITPOINT WARNING * * *
The orc hits you from afar with a halberd.
* * * LOW HITPOINT WARNING * * *
The orc hits you but does no damage. The orc knight hits you with a glaive!
You die...

####### *##### *
##.....#########..... ,
####.).....#.....#o.....
...#)).....'....oo......
,
...')))....'....@oo.....o
...#)).....'....ooo.....
, ,
####.......#.....#......
, ##.....#########..... ,
####### *#####


You could see an orc knight, 3 orc warriors and 4 orcs.

Vanquished Creatures
  Pikel (D:5)
  Grinder (D:4)
  A hippogriff (D:9)
  5 yaks (D:9)
  Eustachio (D:4)
  Menkaure (D:4)
  4 orc warriors
  2 ice beasts
  A slave (D:5)
  A necrophage (D:8)
  4 phantoms
  5 sky beasts
  3 black bears
  4 ogres
  4 centaurs (D:8)
  A big kobold (D:8)
  A crocodile (D:8)
  5 bullfrogs
  2 gnoll sergeants
  2 scorpions
  5 howler monkeys
  2 crimson imps
  A bullfrog zombie (D:9)
  4 quasits
  12 jellies
  2 hounds
  3 orc priests
  3 worker ants
  3 iguanas
  An orc wizard (D:7)
  A hound skeleton (D:4)
  A howler monkey zombie (D:5)
  9 adders
  11 gnolls
  15 oozes
  An adder skeleton (D:4)
  5 worms
  2 dart slugs (D:1)
  4 leopard geckos
  36 orcs
  4 bats
  4 giant cockroaches
  13 goblins
  7 hobgoblins
  30 jackals
  9 kobolds
  A quokka (D:7)
  2 ball pythons
  7 frilled lizards
  2 leopard gecko skeletons
  A quokka skeleton (D:4)
  6 rats
256 creatures vanquished.

Vanquished Creatures (others)
  A bullfrog skeleton (D:5)
  A leopard gecko zombie (D:5)
  5 fungi (D:6)
7 creatures vanquished.

Grand Total: 263 creatures vanquished

Notes
Turn   | Place    | Note
-------+----------+-------------------------------------------
     0 | D:1      | theAP the Gargoyle Fighter began the quest for the Orb.
     0 | D:1      | Reached XP level 1. HP: 14/14 MP: 1/1
   195 | D:1      | Reached XP level 2. HP: 10/19 MP: 2/2
   539 | D:1      | Reached XP level 3. HP: 21/24 MP: 3/3
  1067 | D:2      | Reached skill level 4 in Fighting
  1123 | D:2      | Reached XP level 4. HP: 13/29 MP: 4/4
  1685 | D:3      | Found a shadowy altar of Dithmenos.
  1824 | D:3      | Reached XP level 5. HP: 34/34 MP: 5/5
  2252 | D:3      | Reached skill level 5 in Fighting
  2447 | D:4      | Noticed Menkaure
  2458 | D:4      | Killed Menkaure
  2458 | D:4      | Reached XP level 6. HP: 17/40 MP: 6/6
  2701 | D:4      | Noticed Grinder
  2708 | D:4      | Reached skill level 5 in Maces & Flails
  2709 | D:4      | Found Kuown's Jewellery Shoppe.
  2712 | D:4      | Paralysed by something for 2 turns
  2726 | D:4      | Noticed Eustachio
  2769 | D:4      | Killed Grinder
  2769 | D:4      | Reached skill level 6 in Fighting
  2769 | D:4      | Reached XP level 7. HP: 25/47 MP: 7/7
  2845 | D:4      | Killed Eustachio
  3215 | D:5      | Entered Level 5 of the Dungeon
  3215 | D:5      | Found a staircase to the Ecumenical Temple.
  3260 | Temple   | Entered the Ecumenical Temple
  3330 | Temple   | Became a worshipper of Ashenzari the Shackled
  3408 | D:5      | Reached skill level 7 in Fighting
  3487 | D:5      | Reached XP level 8. HP: 53/53 MP: 8/8
  3649 | D:5      | Noticed Pikel
  3654 | D:5      | Killed Pikel
  3654 | D:5      | Reached skill level 8 in Fighting
  3791 | D:5      | Gained mutation: Armour fits poorly on your strangely shaped body. [mutagenic meat]
  3792 | D:5      | Gained mutation: You are partially covered in slimy green scales. (AC +2) [mutagenic meat]
  3793 | D:5      | Gained mutation: You have a somewhat thin skeletal structure. (Dex +2, Stealth) [mutagenic meat]
  3964 | D:5      | Reached skill level 9 in Fighting
  4322 | D:6      | Noticed an oklob plant
  4323 | D:6      | Reached XP level 9. HP: 60/60 MP: 9/9
  4475 | D:6      | HP: 3/61 [acid (14)]
  4737 | D:6      | Found a deep blue altar of Sif Muna.
  4867 | D:6      | Lost mutation: You are partially covered in slimy green scales. (AC +2) [potion of mutation]
  4867 | D:6      | Gained mutation: Your flesh is cold resistant. (rC+) [potion of mutation]
  4867 | D:6      | Lost mutation: Armour fits poorly on your strangely shaped body. [potion of mutation]
  4942 | D:6      | Gained mutation: Scrolls take you a little longer to read. [mutagenic meat]
  4943 | D:6      | Gained mutation: You are frail. (-10% HP) [mutagenic meat]
  4944 | D:6      | Gained mutation: You are partially covered in icy blue scales. (AC +2) [mutagenic meat]
  4945 | D:6      | Gained mutation: Scrolls take you longer to read. [mutagenic meat]
  4946 | D:6      | Gained mutation: Your flesh is very cold resistant. (rC++) [mutagenic meat]
  4951 | D:6      | Found a stormy altar of Qazlal.
  5002 | D:6      | Reached skill level 10 in Fighting
  5030 | D:6      | Found an iron altar of Okawaru.
  5412 | D:7      | Gained mutation: You have a pair of small horns on your head. [mutagenic meat]
  5413 | D:7      | Lost mutation: You have a pair of small horns on your head. [mutagenic meat]
  5414 | D:7      | Gained mutation: You are weak. (Str -2) [mutagenic meat]
  5415 | D:7      | Lost mutation: You are frail. (-10% HP) [mutagenic meat]
  5416 | D:7      | Gained mutation: Your flesh is almost immune to the effects of cold. (rC+++) [mutagenic meat]
  5417 | D:7      | Gained mutation: You can translocate small distances at will. [mutagenic meat]
  5447 | D:7      | Reached * piety under Ashenzari
  5907 | D:7      | Reached skill level 10 in Maces & Flails
  5907 | D:7      | Reached XP level 10. HP: 67/68 MP: 10/10
  6041 | D:8      | Reached skill level 11 in Fighting
  6114 | D:8      | Found a sparkling altar of Nemelex Xobeh.
  6133 | D:8      | Found an opulent altar of Gozag.
  6331 | D:8      | Lost mutation: Scrolls take you longer to read. [mutagenic meat]
  6333 | D:8      | Gained mutation: You are robust. (+10% HP) [mutagenic meat]
  6334 | D:8      | Gained mutation: Your body sometimes deteriorates upon taking damage. [mutagenic meat]
  6335 | D:8      | Lost mutation: Your body sometimes deteriorates upon taking damage. [mutagenic meat]
  6920 | D:9      | Found a snail-covered altar of Cheibriados.
  7153 | D:9      | Reached ** piety under Ashenzari
  7288 | D:9      | Found a burning altar of Makhleb.
  7360 | D:9      | Reached skill level 12 in Fighting
  7702 | D:9      | Found a staircase to the Orcish Mines.
  7845 | D:10     | Entered Level 10 of the Dungeon
  7850 | D:10     | Found a flagged portal.
  7868 | Bailey   | Entered a bailey
  8164 | Bailey   | Reached skill level 5 in Armour
  8164 | Bailey   | Reached skill level 5 in Dodging
  8164 | Bailey   | Reached skill level 5 in Shields
  8164 | Bailey   | Reached XP level 11. HP: 53/83 MP: 11/11
  8167 | Bailey   | Noticed an orc knight
  8183 | Bailey   | Slain by an orc knight

Skill      XL: |  1  2  3  4  5  6  7  8  9 10 |
---------------+-------------------------------+-----
Fighting       | 4 5 6 7 9 10 12 | 12.5
Maces & Flails | 3 4 5 6 8 10 11 | 11.6
Armour         | 5 |  5.9
Dodging        | 5 |  5.1
Shields        | 5 |  5.9

Action                   |  1- 3 |  4- 6 |  7- 9 | 10-12 || total
-------------------------+-------+-------+-------+-------++-------
Melee: Flail             |   162 |   239 |   123 |       ||   524
       Whip              |       |       |   321 |   354 ||   675
Invok: Curse Item        |       |       |     2 |       ||     2
Evoke: Wand              |       |       |     5 |       ||     5
  Use: Scroll            |       |     4 |    10 |     4 ||    18
       Potion            |       |     1 |     5 |     3 ||     9
  Eat: Chunk             |     1 |     5 |    20 |    10 ||    36
       Royal jelly       |       |       |     1 |     2 ||     3
       Pizza             |       |       |     1 |       ||     1
       Fruit             |       |       |     2 |       ||     2
Armor: Scale mail        |   110 |    99 |       |       ||   209
       Plate armour      |       |    44 |   247 |   239 ||   530
Dodge: Dodged            |    69 |    60 |    51 |    75 ||   255
Block: Shield            |    97 |   104 |   168 |   191 ||   560
